 Dungeon Crawl Stone Soup version 0.28-a0-1227-ga9037bb4c8 (webtiles) character file.

Game seed: 3394841510386208348

223 ChaosChampion the Insei (level 6, 0/38 HPs)
             Began as an Octopode Transmuter on Dec 22, 2021.
             Slain by Natasha (9 damage)
             ... on level 3 of the Dungeon.
             The game lasted 00:03:55 (3673 turns).

ChaosChampion the Insei (Octopode Transmuter)       Turns: 3673, Time: 00:03:56

Health: 0/38       AC:  2    Str:  9    XL:     6   Next: 0%
Magic:  7/9        EV: 20    Int: 17    God:
Gold:   86         SH:  0    Dex: 24    Spells: 3/9 levels left

rFire   . . .      SeeInvis .     - Unarmed
rCold   . . .      Faith    .   (shield currently unavailable)
rNeg    . . .      Spirit   .   (helmet currently unavailable)
rPois   x          Reflect  .   a - amulet of the acrobat
rElec   .          Harm     .   e - +6 ring of dexterity
rCorr   .          Rampage  .   (no ring)
Will    .....                   (no ring)
Stlth   ++........              (no ring)
HPRegen 0.12/turn               (no ring)
MPRegen 0.11/turn               (no ring)
                                (no ring)
                                (no ring)

@: spider-form
A: venomous fangs, almost no armour, (amphibious), 8 rings, tiny, (camouflage
1), (gelatinous body 1), (nimble swimmer 1), (tentacles)
a: End Transformation


You were on level 3 of the Dungeon.
You were a venomous arachnid creature.
You visited 1 branch of the dungeon, and saw 3 of its levels.

You collected 86 gold pieces.

Inventory:

Jewellery
 a - an amulet of the acrobat (around neck)
 e - a +6 ring of dexterity (left front leg)
 j - a ring of fire
Wands
 g - a wand of paralysis (8)
Scrolls
 b - 2 scrolls of identify
 h - a scroll of magic mapping {unknown}
Potions
 c - a potion of might {unknown}
 d - a potion of experience {unknown}
 i - a potion of cancellation {unknown}


   Skills:
 - Level 1.0 Fighting
 - Level 2.0 Dodging
 * Level 5.5 Unarmed Combat
 - Level 2.0 Spellcasting
 + Level 3.7 Transmutations


You had 3 spell levels left.
You knew the following spells:

 Your Spells              Type           Power      Damage    Failure   Level
a - Beastly Appendage     Tmut           28%        N/A       13%         1
b - Wereblood             Tmut           14%        N/A       17%         2
c - Spider Form           Tmut/Pois      8%         N/A       47%         3

Your spell library contained the following spells:

 Spells                   Type           Power      Damage    Failure   Level
 Slow                     Hex            4%         N/A       38%         1
 Confusing Touch          Hex            1%         N/A       71%         3
 Dazzling Flash           Conj/Hex       2%         N/A       71%         3
 Ice Form                 Ice/Tmut       8%         N/A       83%         4
 Iskenderun's Mystic Bla  Conj/Tloc      1%         2d3       96%         4
 Yara's Violent Unravell  Hex/Tmut       4%         3d4       98%         5
 Starburst                Conj/Fire      0%         6d3       100%        6


Dungeon Overview and Level Annotations

Branches:
Dungeon (3/15)

Altars:
Kikubaaqudgha

Annotations:
D:3 Natasha


Innate Abilities, Weirdness & Mutations

You are a venomous arachnid creature.
You have poisonous fangs.
You are tiny and dextrous.
Your spellcasting is less reliable in this form.
Your armour is entirely melded.
You are incapable of wielding weapons or throwing items.
You cannot wear most types of armour.
((You are amphibious.))
You can wear up to eight rings at the same time.
((Your skin changes colour to match your surroundings (Stealth+).))
((Your rubbery body absorbs attacks. (AC +1, EV +1)))
((You are camouflaged when in or above water. (Stealth+)))
((You have tentacles for arms and can constrict up to eight enemies at once.))


Message History

You hiss as the wereblood boils in your veins!
Your transformation has ended.
Your primal bloodlust is almost over.
Your primal bloodlust has ended.
Natasha, Servant of Life and Death comes into view.
Natasha is nearby!
Natasha is nearby!
Natasha is nearby!
Casting: Wereblood (safe; 6% risk of failure)
Confirm with . or Enter, or press ? or * to list all spells.
The spell is quite dangerous to miscast (26% risk of failure)!
Continue anyway?
You turn into a venomous arachnid creature.
Natasha hisses angrily.
Natasha casts a spell.
The shadow imp gestures at you. Pain shoots through your body!
Found 20 arrows.
Natasha drinks a potion.
Natasha suddenly seems more resistant.
The shadow imp gestures at you. Pain shoots through your body!
You are too injured to fight recklessly!
Natasha completely misses you. The shadow imp completely misses you.
You barely miss Natasha. Natasha misses you. The shadow imp gestures at you.
You barely resist. You hit Natasha.
Natasha is lightly wounded.
Natasha barely misses you.
You bite Natasha!
Natasha is severely wounded.
The shadow imp barely misses you.
Natasha wildly gestures.
You feel troubled.
Natasha stares at you and mumbles some strange words.
The magic dart hits you!
* * * LOW HITPOINT WARNING * * *
You closely miss Natasha.
Natasha is severely wounded.
The shadow imp misses you. Natasha claws you!
You die...

#.....####†### ##..## ..#
........)....####....###
##....####.##.##......$ (
##..#.####.##.##...#.##.#
...........##.....)......
##..#.####...........##.#
# ###.#.#
#.#####......... ..
......#
#.#####...#.##.#.....
...... .......s..#.#
.#..... ###..
........h5...##.#..... #
.....
....................... .
###.#
####.#####...###.##.##.#
##+## #. #...#
#.##.##.#.## #...# #
#...###.#......... #...#
#.##.##..........##.#.##
#...#
#.........###.#..##.#.#
#...#
#.##.##.#.....#..##.#.#


You could see Natasha (resistant) and a shadow imp (summoned).

Vanquished Creatures
  Jessica (D:2)
  Natasha (twice) (D:3)
  A gnoll (D:1)
  3 adders
  2 worms (D:2)
  2 dart slugs
  2 orcs
  6 ball pythons
  4 endoplasms
  3 giant cockroaches (D:1)
  12 goblins
  8 hobgoblins
  5 jackals (D:1)
  A quokka (D:1)
  4 bats
  7 frilled lizards
  7 kobolds
  7 rats
77 creatures vanquished.

Vanquished Creatures (collateral kills)
  Robin (D:3)
  6 goblins (D:3)
  A hobgoblin (D:3)
8 creatures vanquished.

Vanquished Creatures (others)
  7 plants (D:1)
7 creatures vanquished.

Grand Total: 92 creatures vanquished

Notes
Turn   | Place    | Note
-------+----------+-------------------------------------------
     0 | D:1      | ChaosChampion the Octopode Transmuter began the quest for
                  | the Orb.
     0 | D:1      | Reached XP level 1. HP: 13/13 MP: 3/3
   322 | D:1      | Reached XP level 2. HP: 18/18 MP: 5/5
   864 | D:1      | Reached XP level 3. HP: 23/23 MP: 4/6
  1053 | D:1      | Reached skill level 4 in Unarmed Combat
  1880 | D:2      | Reached XP level 4. HP: 23/28 MP: 5/7
  1943 | D:2      | Noticed Jessica
  1944 | D:2      | Found an ancient bone altar of Kikubaaqudgha.
  1951 | D:2      | Killed Jessica
  2590 | D:2      | Reached XP level 5. HP: 31/33 MP: 8/8
  2838 | D:3      | Found a faded altar of an unknown god.
  2950 | D:3      | Reached skill level 5 in Unarmed Combat
  3129 | D:3      | Noticed Natasha
  3138 | D:3      | Killed Natasha
  3362 | D:3      | Noticed Robin
  3412 | D:3      | Noticed Natasha
  3425 | D:3      | Learned a level 2 spell: Wereblood
  3425 | D:3      | Killed Robin
  3429 | D:3      | Learned a level 3 spell: Spider Form
  3442 | D:3      | Killed Natasha
  3590 | D:3      | Reached XP level 6. HP: 38/38 MP: 0/9
  3664 | D:3      | Noticed Natasha
  3673 | D:3      | Slain by Natasha

Illustrated notes

Levels and vault maps discovered:
D:1:      tarquinn_simple_flora_water_e, layout_rooms, serial_bayou,
          serial_bayou_pond_d, serial_bayou_ford_a, serial_bayou_shore_a,
          serial_bayou_pond_b
D:2:      layout_basic, basic_altar, glass_columns_a, uniq_jessica
D:3:      layout_basic, ebering_ecumenical_altar_webs, uniq_crazy_yiuf_cottage,
          uniq_natasha, uniq_robin

Skill      XL: |  1  2  3  4  5 |
---------------+----------------+-----
Unarmed Combat | 4 5 |  5.5
Transmutations | 3 |  3.7
Fighting       | |  1.0
Dodging        | |  2.0
Spellcasting   | |  2.0

Action                   |  1- 3 |  4- 6 || total
-------------------------+-------+-------++-------
Melee: Unarmed           |   102 |    76 ||   178
       Constrict         |    31 |    18 ||    49
       Tentacles         |    18 |    15 ||    33
       Kick              |     8 |    16 ||    24
       Punch             |     1 |     3 ||     4
 Cast: Beastly Appendage |    11 |    12 ||    23
       Spider Form       |       |     3 ||     3
       Wereblood         |       |     2 ||     2
  Use: Scroll            |       |     2 ||     2
 Stab: Sleeping          |     2 |     6 ||     8
Armor: Skin              |     6 |     5 ||    11
Dodge: Dodged            |    74 |    60 ||   134

Table legend: (Time is in decaauts)
 A = Elapsed time spent in this place.
 B = Non-inter-level travel time spent in this place.
 C = Inter-level travel time spent in this place.
 D = Time resting spent in this place.
 E = Time spent auto-exploring this place.
 F = Levels seen in this place.
 G = Mean time per level.
                   A        B        C        D        E       F      G
               +--------+--------+--------+--------+--------+-----+--------+
         Total |   3664 |   3594 |     70 |    279 |   2724 |   3 | 1221.3 |
       Dungeon |   3664 |   3594 |     70 |    279 |   2724 |   3 | 1221.3 |
               +--------+--------+--------+--------+--------+-----+--------+

Top non-repeatable levels by time:
     D:1: 1580 daAuts
     D:2: 1213 daAuts
     D:3: 870 daAuts
